 Dungeon Crawl Stone Soup version 0.31-a0-1499-ge0622b2318 (webtiles) character file.

Game seed: 3082605664475621006

137 Curundu the Poker (level 5, -3/47 HPs)
             Began as a Minotaur Berserker on Dec 30, 2023.
             Was a Believer of Trog.
             Killed from afar by Ijyb (14 damage)
             ... with a bolt of acid
             ... on level 3 of the Dungeon.
             The game lasted 00:04:38 (1455 turns).

Curundu the Poker (Minotaur Berserker)              Turns: 1455, Time: 00:04:39

Health: -3/47      AC:  2    Str: 29    XL:     5   Next: 0%
Magic:  4/4        EV: 12    Int:  4    God:    Trog [**....]
Gold:   144        SH:  0    Dex: 10    Spells: 4/4 levels left

rFire   . . .        a - +0 spear
rCold   . . .        (no shield)
rNeg    . . .        b - +0 animal skin
rPois   .            (helmet restricted)
rElec   .            (no cloak)
rCorr   .            (no gloves)
SInv    .            (no boots)
Will    .....        (no amulet)
Stlth   +            c - +6 ring of strength
HPRegen 0.27/turn    k - +4 ring of protection
MPRegen 0.09/turn

%: no passive effects
@: corroded
A: horns 2, retaliatory headbutt
a: Renounce Religion, Berserk, Trog's Hand


You were on level 3 of the Dungeon.
You worshipped Trog.
Trog was pleased with you.
You visited 1 branch of the dungeon, and saw 3 of its levels.

You collected 144 gold pieces.

Inventory:

Hand Weapons
 a - a +0 spear (weapon)
Armour
 b - a +0 animal skin (worn)
Jewellery
 c - a +6 ring of strength (left hand)
 k - a +4 ring of protection (right hand)
Scrolls
 e - 3 scrolls of identify {unknown}
 f - a scroll of butterflies {unknown}
 i - 2 scrolls of poison {unknown}
 j - a scroll of teleportation {unknown}
 n - a scroll of revelation {unknown}
Potions
 d - 3 potions of curing {unknown}
 g - 2 potions of enlightenment {unknown}
 h - a potion of cancellation {unknown}
 l - a potion of degeneration {unknown}
 m - a potion of mutation {unknown}


   Skills:
 + Level 4.8 Fighting
 + Level 5.5 Polearms
 + Level 2.7 Armour
 + Level 2.9 Dodging


You had 4 spell levels left.
You didn't know any spells.
Your spell library was empty.

Dungeon Overview and Level Annotations

Branches:
Dungeon (3/15)

Altars:

Annotations:
D:3 Ijyb


Innate Abilities, Weirdness & Mutations

You have a pair of horns on your head.
You reflexively headbutt those who attack you in melee.


Message History

You kill the rat!
Trog accepts your kill.
Things that are here:
a +0 dagger; a +0 sling; a rat corpse The hobgoblin hits you but does no damage.
You closely miss the hobgoblin. The hobgoblin barely misses you.
You closely miss the hobgoblin. Your headbutt misses the hobgoblin.
The hobgoblin hits you but does no damage.
You barely miss the hobgoblin. You headbutt the hobgoblin.
You kill the hobgoblin!
Trog accepts your kill.
You have reached level 5!
Things that are here:
a +0 dagger; a +0 sling; a rat corpse You see here a hobgoblin corpse.
There is a stone staircase leading down here.
Ijyb the Twisted Goblin comes into view.
She is wielding a +2 dagger of speed, wearing a +1 leather armour of willpower and carrying a wand of acid.
Ijyb zaps a wand.
The bolt of acid misses you.
You hit Ijyb but do no damage.
Ijyb zaps a wand.
The bolt of acid hits you!
You hit Ijyb.
Ijyb is lightly wounded.
Ijyb zaps a wand.
The bolt of acid hits you!! The acid corrodes you!
You hit Ijyb but do no damage.
Ijyb is lightly wounded.
You hit Ijyb but do no damage. You headbutt Ijyb.
Ijyb is moderately wounded.
Ijyb barely misses you.
You closely miss Ijyb.
Ijyb is moderately wounded.
Ijyb hits you with a +2 dagger of speed.
* * * LOW HITPOINT WARNING * * *
Ijyb hits you with a +2 dagger of speed.
* * * LOW HITPOINT WARNING * * *
You hit Ijyb but do no damage. Your headbutt misses Ijyb.
Ijyb is moderately wounded.
Ijyb hits you but does no damage.
You hit Ijyb but do no damage.
Ijyb is moderately wounded.
Ijyb zaps a wand.
The bolt of acid hits you!
You die...

### ..# ... #.# #.#
#.# .#
#.#####.##.####.
#.......@g......
#######.##.###..
#.##... ## #.##.###
#.. #.##.####### .#.#
#........... ...
#########.########.#
..............(....#
########>.####.....###


You could see Ijyb.

Vanquished Creatures
  Jessica (D:2)
  Terence (D:2)
  An adder (D:2)
  2 ribbon worms (D:2)
  2 dart slugs (D:1)
  5 ball pythons
  7 endoplasms
  A giant cockroach (D:2)
  5 goblins
  7 hobgoblins
  7 kobolds
  3 quokkas (D:1)
  5 bats
  3 frilled lizards
  2 rats
52 creatures vanquished.

Notes
Turn   | Place    | Note
-------+----------+-------------------------------------------
     0 | D:1      | Curundu the Minotaur Berserker began the quest for the Orb.
     0 | D:1      | Reached XP level 1. HP: 19/19 MP: 0/0
   170 | D:1      | Reached XP level 2. HP: 27/27 MP: 1/1
   213 | D:1      | Reached skill level 4 in Polearms
   601 | D:1      | Reached ** piety under Trog
   602 | D:1      | Reached XP level 3. HP: 32/33 MP: 2/2
   950 | D:2      | Noticed Terence
   960 | D:2      | Noticed Jessica
   965 | D:2      | Killed Terence
   970 | D:2      | Reached XP level 4. HP: 30/41 MP: 3/3
   972 | D:2      | Killed Jessica
   973 | D:2      | Reached skill level 5 in Polearms
  1428 | D:3      | Reached XP level 5. HP: 47/47 MP: 4/4
  1446 | D:3      | Noticed Ijyb
  1455 | D:3      | Killed from afar by Ijyb

Illustrated notes

Levels and vault maps discovered:
D:1:      zelgadis_glass_arrival_small, layout_loops_ring, minmay_unequal
D:2:      layout_rooms, uniq_terence, uniq_jessica
D:3:      layout_loops_ring, uniq_ijyb

Skill      XL: |  1  2  3  4 |
---------------+-------------+-----
Polearms       | 4 5 |  5.5
Fighting       | 4 |  4.8
Armour         | |  2.7
Dodging        | |  2.9

Action                     |  1- 3 |  4- 6 || total
---------------------------+-------+-------++-------
  Melee: Spear             |    80 |    35 ||   115
         Headbutt          |    10 |     7 ||    17
 Armour: Animal skin       |    40 |    22 ||    62
  Dodge: Dodged            |    43 |    18 ||    61

Table legend: (Time is in decaauts)
 A = Elapsed time spent in this place.
 B = Non-inter-level travel time spent in this place.
 C = Inter-level travel time spent in this place.
 D = Time resting spent in this place.
 E = Time spent auto-exploring this place.
 F = Levels seen in this place.
 G = Mean time per level.
                   A        B        C        D        E       F      G
               +--------+--------+--------+--------+--------+-----+--------+
         Total |   1438 |   1438 |      0 |      0 |   1052 |   3 |  479.3 |
       Dungeon |   1438 |   1438 |      0 |      0 |   1052 |   3 |  479.3 |
               +--------+--------+--------+--------+--------+-----+--------+

Top non-repeatable levels by time:
     D:1: 848 daAuts
     D:2: 545 daAuts
     D:3: 44 daAuts
